 Dungeon Crawl Stone Soup version 0.20-a0-454-g2b43fbb (webtiles) character file.

55514 varedna the Covert (level 14, -4/102 HPs)
             Began as a Naga Venom Mage on Jan 9, 2017.
             Was the Champion of Cheibriados.
             Slain by a four-headed hydra (14 damage)
             ... on level 6 of the Lair of Beasts on Jan 10, 2017.
             The game lasted 02:32:28 (23076 turns).

varedna the Covert (Naga Venom Mage)               Turns: 23076, Time: 02:32:29

Health: -4/102     AC: 27    Str: 26    XL:     14   Next: 77%
Magic:  9/25       EV: 16    Int: 38    God:    Cheibriados [******]
Gold:   766        SH:  0    Dex: 31    Spells: 12/28 levels left

rFire  + . .     SeeInvis +     b - +1 falchion (flame)
rCold  . . .     Gourm    .     e - +2 robe of Refuge {Int+3}
rNeg   . . .     Faith    .     (no shield)
rPois  +         Spirit   .     D - +2 helmet
rElec  +         Reflect  .     n - +1 cloak {rPois}
rCorr  .         Harm     .     A - +2 pair of gloves
MR     ++...                    j - +3 naga barding {Fly}
Stlth  +++++++...               u - amulet of magic regeneration
                                d - ring of protection from magic
                                a - ring "Xuiseqed" {rElec Dex+4 Slay+2 SInv}

@: flying, very slow
A: yellow scales 1, see invisible, deformed body, fire resistance 1, poison
resistance, slowness 2, slow metabolism 1, spit poison 1, constrict 1, AC +4
a: Spit Poison, Bend Time, Temporal Distortion, Slouch, Step From Time, Renounce
Religion, Stop Flying


You were on level 6 of the Lair of Beasts.
You worshipped Cheibriados.
Cheibriados was exalted by your worship.
You were not hungry.

You visited 4 branches of the dungeon, and saw 18 of its levels.
You also visited: Labyrinth.

You collected 1019 gold pieces.
You spent 253 gold pieces at shops.

Inventory:

Hand Weapons
 b - a +1 falchion of flaming (weapon)
Missiles
 h - 10 javelins
 o - 2 poisoned tomahawks
 v - 2 silver tomahawks
 y - 5 throwing nets (quivered)
Armour
 e - the +2 robe of Refuge (worn) {Int+3}
   (You found it on level 5 of the Lair of Beasts)

   It affects your intelligence (+3).
 i - the +0 helmet of Pleasant Breezes {rC+}
   (You bought it in a shop on level 5 of the Dungeon)

   It protects you from cold.
 j - a +3 naga barding of flying (worn)
 n - a +1 cloak of poison resistance (worn)
 A - a +2 pair of gloves (worn)
 D - a +2 helmet (worn)
 M - the +0 plate armour of Insurance {rPois Regen+}
   (You found it on level 9 of the Dungeon)

   It protects you from poison.
   It increases your rate of regeneration.
Magical Staves
 B - an uncursed staff of poison
Jewellery
 a - the ring "Xuiseqed" (left hand) {rElec Dex+4 Slay+2 SInv}
   (You took it off a minotaur in a labyrinth)

   [ring of see invisible]

   It affects your dexterity (+4).
   It affects your accuracy and damage with ranged weapons and melee attacks
   (+2).
   It insulates you from electricity.
   It lets you see invisible.
 d - a ring of protection from magic (right hand)
 m - an uncursed ring of magical power
 p - a +5 amulet of reflection
 u - an amulet of magic regeneration (around neck)
 O - an uncursed ring of ice
Wands
 t - a wand of iceblast (6/15)
 N - a wand of enslavement (12/24)
Scrolls
 g - 12 scrolls of remove curse
 r - 2 scrolls of magic mapping
 z - a scroll of holy word {unknown}
 H - 4 scrolls of amnesia
 R - 2 scrolls of recharging
Potions
 f - a potion of lignification
 l - 2 potions of invisibility
 x - a potion of agility
 E - 2 potions of cancellation
 G - 7 potions of brilliance
 P - a potion of heal wounds
 U - a potion of curing
Comestibles
 c - 13 bread rations
 k - a meat ration
 q - a royal jelly
 s - a chunk of flesh
 w - 6 slices of pizza
 C - 25 fruits
 S - a beef jerky


   Skills:
   Level 1.0(5.4) Polearms
 + Level 8.6(8.7) Staves
 + Level 7.9 Armour
 + Level 8.0 Dodging
 + Level 14.7 Stealth
 + Level 7.8 Spellcasting
 + Level 8.4 Conjurations
 - Level 5.6 Air Magic
 + Level 12.0 Poison Magic
 + Level 7.0 Invocations
 - Level 6.0 Evocations


You had 12 spell levels left.
You knew the following spells:

 Your Spells              Type           Power        Failure   Level  Hunger
a - Sting                 Conj/Pois      ####         1%          1    None
b - Poisonous Vapours     Pois/Air       ######       1%          2    None
c - Mephitic Cloud        Conj/Pois/Air  ######..     1%          3    None
d - Olgreb's Toxic Radia  Pois           #######.     1%          4    None
e - Venom Bolt            Conj/Pois      #######...   1%          5    ###....
f - Magic Dart            Conj           ####         1%          1    None


Dungeon Overview and Level Annotations

Branches:
Dungeon (10/15)            Temple (1/1) D:7            Lair (6/6) D:9
 Shoals (0/4) Lair:4        Snake (0/4) Lair:4        Slime (0/5) Lair:5
    Orc (1/2) D:9

Altars:
Ashenzari
Cheibriados
Elyvilon
Fedhas
Gozag
Hepliaklqana
Kikubaaqudgha
Makhleb
Nemelex Xobeh
Okawaru
Ru
Sif Muna
Trog
Uskayaw
Vehumet
Yredelemnul
Zin
The Shining One

Shops:
D:5 [?:[?

Annotations:
Lair:3 exclusion: 4 oklob plants
Lair:5 exclusion: 2 oklob plants


Innate Abilities, Weirdness & Mutations

You cannot wear boots.
Your serpentine skin is tough. (AC +4)
You have supernaturally acute eyesight. (SInv)
Armour fits poorly on your strangely shaped body.
Your system is resistant to poisons. (rPois)
You cover ground very slowly.
You have a slow metabolism.
You can spit poison.
You can use your snake-like lower body to constrict enemies.
You are partially covered in yellow scales. (AC +2)
Your flesh is heat resistant. (rF+)


Message History

You barely miss the four-headed hydra.
The four-headed hydra is almost dead.
The crocodile misses you.
You riposte.
You hit the crocodile. You burn the crocodile. You grab the crocodile.
The crocodile is lightly wounded.
The four-headed hydra closely misses you.
You riposte.
You barely miss the four-headed hydra.
The four-headed hydra is almost dead.
The four-headed hydra bites you but does no damage. x2
The four-headed hydra completely misses you.
The crocodile bites you!
* * * LOW HITPOINT WARNING * * *
You barely miss the four-headed hydra.
The four-headed hydra is almost dead.
You constrict the crocodile.
The four-headed hydra closely misses you.
The four-headed hydra bites you!
* * * LOW HITPOINT WARNING * * *
The four-headed hydra bites you!
You die...

##P..÷.......##..P..............
###............................
##.....P.####.P..P..P........
####..P.###..##...............
#..######.....###.............
##.<...(........##....P.......
#....#..........##.†P.......#
#..###..##.......#..........#
#...##..P##.@.......†.......#
#.......###.tD..............#
#.#.P....##.................#
##.......#....................
#.............................
##..#.P..P#...................
###..####.†....................
#.(..#....#....................
##.............................


You could see a four-headed hydra and a crocodile.

Vanquished Creatures
  A minotaur (Lab)
  Josephine (Lair:4)
  7 hydras
  Harold (Lair:4)
  A catoblepas (Lair:6)
  A two-headed ogre (D:9)
  A deep troll shaman (Lair:6)
  8 death yaks
  A tengu warrior (D:9)
  Nergalle (D:10)
  12 elephants
  3 black mambas
  11 spiny frogs
  A guardian serpent (Lair:4)
  7 komodo dragons
  4 rime drakes
  3 polar bears (Lair:6)
  22 dream sheep
  4 blink frogs (Lair:5)
  4 hippogriffs
  60 yaks
  3 wyverns
  4 wraiths (Lair:4)
  Grum (D:9)
  6 basilisks
  13 water moccasins
  12 porcupines
  3 ice beasts
  A sky beast (D:5)
  14 orc warriors
  10 ogres
  A hornet zombie (D:8)
  A phantom (D:8)
  3 black bears
  23 wolves
  9 centaurs
  11 crocodiles
  5 big kobolds
  12 bullfrogs
  A scorpion (D:4)
  12 killer bees (D:7)
  5 wights
  4 howler monkeys
  A vampire bat (Lair:5)
  An electric eel (Lair:4)
  4 lava snakes (Lab)
  4 crimson imps
  4 bullfrog zombies
  A jelly (D:6)
  11 orc priests
  4 bullfrog skeletons
  A gnoll shaman (D:10)
  2 quasits (D:10)
  5 hounds
  Jessica (D:3)
  6 iguanas
  14 orc wizards
  7 worker ants
  Natasha (thrice) (D:3)
  Ijyb (D:3)
  2 hound skeletons (D:4)
  A howler monkey zombie (D:5)
  21 gnolls
  12 adders
  2 howler monkey skeletons
  4 shadow imps
  2 adder zombies (D:8)
  4 worms
  A dart slug (D:5)
  12 leopard geckos
  57 orcs
  10 giant cockroaches
  3 goblins
  10 hobgoblins
  8 jackals
  8 quokkas
  A ball python (D:6)
  22 bats
  11 frilled lizards
  A giant cockroach zombie (D:5)
  14 kobolds
  3 quokka skeletons
  A quokka zombie (D:6)
  8 rats
  A plant (Lair:6)
597 creatures vanquished.

Vanquished Creatures (others)
  A goblin (D:3)
  25 fungi
  24 plants
50 creatures vanquished.

Grand Total: 647 creatures vanquished

Notes
Turn   | Place    | Note
-------+----------+-------------------------------------------
     0 | D:1      | varedna the Naga Venom Mage began the quest for the Orb.
     0 | D:1      | Reached XP level 1. HP: 15/15 MP: 3/3
   301 | D:1      | Reached XP level 2. HP: 22/22 MP: 3/5
   305 | D:1      | Learned a level 2 spell: Poisonous Vapours
   787 | D:1      | Reached XP level 3. HP: 28/28 MP: 0/6
   982 | D:1      | Learned a level 3 spell: Mephitic Cloud
  1415 | D:2      | Reached XP level 4. HP: 36/36 MP: 8/8
  2221 | D:3      | Noticed Ijyb
  2307 | D:3      | Killed Ijyb
  2307 | D:3      | Reached XP level 5. HP: 33/42 MP: 9/9
  2339 | D:3      | Reached skill level 1 in Air Magic
  2476 | D:3      | Reached skill level 1 in Armour
  2604 | D:3      | Noticed Natasha
  2609 | D:3      | Killed Natasha
  2609 | D:3      | Reached skill level 4 in Stealth
  2612 | D:3      | Noticed Natasha
  2613 | D:3      | Killed Natasha
  2613 | D:3      | Reached XP level 6. HP: 49/49 MP: 7/10
  2710 | D:3      | Noticed Jessica
  2713 | D:3      | Killed Jessica
  2717 | D:3      | Identified Jessica's Compendium of Stolen Souls
  2773 | D:3      | Noticed Natasha
  2778 | D:3      | Killed Natasha
  2937 | D:3      | Learned a level 4 spell: Olgreb's Toxic Radiance
  3057 | D:3      | Gained mutation: You are partially covered in yellow scales. (AC +2) [potion of beneficial mutation]
  3058 | D:3      | Gained mutation: Your muscles are strong. (Str +2) [potion of beneficial mutation]
  3332 | D:4      | Reached skill level 1 in Polearms
  3332 | D:4      | Reached skill level 5 in Stealth
  3332 | D:4      | Reached skill level 5 in Poison Magic
  3332 | D:4      | Reached XP level 7. HP: 41/55 MP: 11/11
  3453 | D:4      | Found a hazy altar of Hepliaklqana.
  4081 | D:4      | Reached skill level 1 in Staves
  4081 | D:4      | Reached skill level 1 in Evocations
  4232 | D:5      | Entered Level 5 of the Dungeon
  4336 | D:5      | Reached XP level 8. HP: 26/62 MP: 13/13
  4457 | D:5      | Found Jaizoimp's Antique Armour Shop.
  4464 | D:5      | Bought a spiked helmet for 180 gold pieces
  4469 | D:5      | Identified the cursed +0 helmet of Pleasant Breezes {rC+} (You bought it in a shop on level 5 of the Dungeon)
  4478 | D:5      | Reached skill level 6 in Stealth
  4694 | D:5      | Found Liemaast's Magic Scroll Boutique.
  4702 | D:5      | Bought a scroll of identify for 24 gold pieces
  5057 | D:5      | Found Keocoh's Antique Armour Shop.
  5066 | D:5      | Found Loman's Book Emporium.
  5203 | D:5      | Found a burning altar of Makhleb.
  5975 | D:5      | Found Qipsaff's Magic Scroll Shop.
  5980 | D:5      | Bought a scroll of magic mapping for 49 gold pieces
  6051 | D:6      | Reached XP level 9. HP: 68/68 MP: 14/14
  6228 | D:6      | Reached skill level 7 in Stealth
  6408 | D:6      | Found an iron altar of Okawaru.
  7258 | D:6      | Found a deep blue altar of Sif Muna.
  7406 | D:7      | Found a hide-covered altar of Uskayaw.
  7492 | D:7      | Reached skill level 8 in Stealth
  7895 | D:6      | Identified Sif Muna's Grimoire of Hexes
  8006 | D:7      | Found a staircase to the Ecumenical Temple.
  8028 | Temple   | Entered the Ecumenical Temple
  8100 | Temple   | Became a worshipper of Cheibriados the Contemplative
  8122 | Temple   | Learned a level 5 spell: Venom Bolt
  8246 | D:9      | Noticed a two-headed ogre
  8256 | D:10     | Entered Level 10 of the Dungeon
  8257 | D:10     | Reached XP level 10. HP: 55/75 MP: 15/15
  8378 | D:10     | Found a shattered altar of Ashenzari.
  8538 | D:10     | Reached skill level 9 in Stealth
  8776 | D:10     | Reached skill level 5 in Air Magic
  8799 | D:10     | Reached * piety under Cheibriados
  9563 | D:10     | Noticed Nergalle
  9580 | D:10     | Killed Nergalle
  9580 | D:10     | Reached skill level 5 in Staves
  9663 | D:10     | Reached ** piety under Cheibriados
 10025 | D:8      | Learned a level 1 spell: Magic Dart
 10037 | D:8      | Reached skill level 5 in Dodging
 10499 | D:8      | Noticed a two-headed hydra
 10506 | D:8      | Reached skill level 10 in Stealth
 10805 | D:8      | Killed a one-headed hydra
 10805 | D:8      | Reached skill level 5 in Conjurations
 10805 | D:8      | Reached skill level 1 in Invocations
 10805 | D:8      | Reached XP level 11. HP: 49/81 MP: 17/17
 11197 | D:8      | Reached *** piety under Cheibriados
 11336 | D:8      | Found an opulent altar of Gozag.
 11475 | D:7      | Reached skill level 5 in Armour
 11803 | D:7      | Reached **** piety under Cheibriados
 11971 | D:9      | Got an ichor-stained plate armour
 11972 | D:9      | Identified the +0 plate armour of Insurance {rPois Regen+} (You found it on level 9 of the Dungeon)
 12082 | D:9      | Noticed a two-headed ogre
 12091 | D:9      | Killed a two-headed ogre
 12103 | D:9      | Reached ***** piety under Cheibriados
 12176 | D:9      | Found a staircase to the Orcish Mines.
 12184 | Orc:1    | Entered Level 1 of the Orcish Mines
 12186 | Orc:1    | Noticed an orc warlord
 12190 | Orc:1    | Reached skill level 5 in Spellcasting
 12455 | D:9      | Reached skill level 5 in Evocations
 12483 | D:9      | Noticed Grum
 12497 | D:9      | Killed Grum
 12568 | D:9      | Noticed a tengu warrior
 12581 | D:9      | Killed a tengu warrior
 12581 | D:9      | Reached skill level 11 in Stealth
 12592 | D:9      | Found a staircase to the Lair.
 12613 | Lair:1   | Entered Level 1 of the Lair of Beasts
 12681 | Lair:1   | Found a labyrinth entrance.
 12688 | Lab      | Entered a labyrinth
 12817 | Lab      | Reached XP level 12. HP: 77/88 MP: 17/19
 12941 | Lab      | Noticed a minotaur
 12961 | Lab      | Killed a minotaur
 12963 | Lab      | Got a brightly glowing silver ring
 12966 | Lab      | Got an ichor-stained battleaxe {drain}
 12980 | Lab      | Identified the Grimoire of the Oath
 13060 | Lair:1   | Identified the +2 battleaxe "Tenafaih" {drain, rN+ Dex+2 Stlth+} (You took it off a minotaur in a labyrinth)
 13064 | Lair:1   | Identified the ring "Xuiseqed" {rElec Dex+4 Slay+2 SInv} (You took it off a minotaur in a labyrinth)
 15114 | Lair:2   | Noticed an eight-headed hydra
 15130 | Lair:2   | Killed a three-headed hydra
 15130 | Lair:2   | Reached skill level 10 in Poison Magic
 15920 | Lair:3   | Noticed an eight-headed hydra
 15936 | Lair:3   | Killed a two-headed hydra
 15936 | Lair:3   | Reached skill level 12 in Stealth
 16300 | Lair:3   | Gained mutation: You have a pair of small horns on your head. [potion of mutation]
 16300 | Lair:3   | Gained mutation: Your body sometimes deteriorates upon taking damage. [potion of mutation]
 16300 | Lair:3   | Gained mutation: Your flesh is heat resistant. (rF+) [potion of mutation]
 16809 | Lair:3   | Gained mutation: You can use your snake-like lower body to constrict enemies. [Naga growth]
 16809 | Lair:3   | Reached XP level 13. HP: 86/94 MP: 20/22
 16885 | Lair:3   | Reached ****** piety under Cheibriados
 17446 | Lair:4   | Found a staircase to the Snake Pit.
 17473 | Lair:4   | Found a staircase to the Shoals.
 17557 | Lair:4   | Reached skill level 5 in Invocations
 17957 | Lair:4   | Noticed Harold
 17976 | Lair:4   | Killed Harold
 18064 | Lair:4   | Noticed Josephine
 18072 | Lair:4   | Killed Josephine
 18075 | Lair:4   | Reached skill level 13 in Stealth
 18437 | Lair:4   | Lost mutation: You have a pair of small horns on your head. [potion of cure mutation]
 18437 | Lair:4   | Lost mutation: Your body sometimes deteriorates upon taking damage. [potion of cure mutation]
 18437 | Lair:4   | Lost mutation: Your muscles are strong. (Str +2) [potion of cure mutation]
 18803 | Lair:4   | Identified a scroll of acquirement
 19283 | Lair:5   | Found a staircase to the Slime Pits.
 19681 | Lair:5   | Got a creamy pearl robe
 20292 | Lair:6   | Entered Level 6 of the Lair of Beasts
 20301 | Lair:6   | Reached XP level 14. HP: 74/102 MP: 22/24
 20449 | Lair:6   | Identified the +2 robe of Refuge {Int+3} (You found it on level 5 of the Lair of Beasts)
 20898 | Lair:6   | Reached skill level 14 in Stealth
 22780 | Lair:6   | Found a snail-covered altar of Cheibriados.
 23076 | Lair:6   | Slain by a four-headed hydra

Vault maps used:
D:1:      lightli_arrival_maybe_door_vault, minmay_lizard_pond
D:2:      minmay_diamond_boxcup, minmay_misc_feat_encased, minmay_statues_item
D:3:      first_bread, st_stairs_5, kennysheep_jessica_study, uniq_iyjb,
          uniq_natasha
D:4:      marbit_many_paths, minmay_unequal
D:5:      kb_forest_paths, kennysheep_mini_moat, serial_shops,
          kennysheep_little_box, kennysheep_mini, shop, shop, shop,
          guppyfry_early_orc_mine
D:6:      led_sif_book, okawaru_metal_pillars_1_2
D:7:      eat_drink_and_be_merry_uskayaw
D:8:      hangedman_ranch, grunt_gozag_breadcrumbs
D:9:      grunt_lair_entry_orc_guard_hut, erik_orc_3,
          kennysheep_generic_room_12, uniq_psyche, uniq_grum
D:10:     enter_bailey_2, nicolae_ashenzari_panopticon, uniq_nergalle
Temple:   bh_familiar_temple
Lair:1:   lab_entry_generic, serial_bayou, serial_bayou_pond_c,
          serial_bayou_pond_e, serial_bayou_pond_a, serial_bayou_lagoon_a,
          st_stairs_9, lemuel_fruit_tree
Lair:3:   infiniplex_staircase_pool_2, minmay_lair_oklob_chamber
Lair:4:   shoals_dummy_entry, minmay_snake_entry_spellcaster,
          wad_woods_river_02, patterned_corridor, uniq_harold, uniq_josephine
Lair:5:   minmay_slime_entry_oklob_open, minmay_lair_oklob_bushes,
          roderic_batcave
Lair:6:   grunt_lair_end_beastmaster, lemuel_centaur_altar
Orc:1:    minmay_orc_temple_b, uniq_fannar
Lab:      nicolae_lab_dead_adventurers, nicolae_lab_grate, lab_hedge,
          labyrinth_lava_lair, nicolae_lab_quarters, nicolae_lab_lava

Skill      XL: |  1  2  3  4  5  6  7  8  9 10 11 12 13 14 |
---------------+-------------------------------------------+-----
Conjurations   | 2 3 4 5 6 7 8 |  8.4
Spellcasting   | 3 4 5 6 7 |  7.8
Air Magic      | 1 2 3 4 5 |  5.6
Armour         | 1 2 3 4 5 6 7 |  7.9
Stealth        | 4 5 6 8 10 11 12 13 14 | 14.7
Dodging        | 2 3 4 5 6 7 8 |  8.0
Polearms       | 1 |  1.0
Poison Magic   | 5 6 7 8 9 10 11 12 | 12.0
Staves         | 1 3 4 5 6 7 8 |  8.6
Evocations     | 1 2 3 4 5 6 |  6.0
Invocations    | 1 3 4 6 7 |  7.0

Action                   |  1- 3 |  4- 6 |  7- 9 | 10-12 | 13-15 || total
-------------------------+-------+-------+-------+-------+-------++-------
Melee: Unarmed           |     6 |     7 |       |       |       ||    13
       Spear             |       |    27 |     7 |       |       ||    34
       Staff             |       |       |   541 |   721 |   293 ||  1555
       Falchion          |       |       |       |    18 |    36 ||    54
       Headbutt          |       |       |       |    17 |    51 ||    68
       Constrict         |       |       |       |       |    58 ||    58
Throw: Throwing net      |       |       |     2 |     1 |       ||     3
 Cast: Sting             |    35 |    52 |   179 |   138 |    68 ||   472
       Poisonous Vapours |    16 |    62 |    66 |    89 |    52 ||   285
       Olgreb's Toxic Ra |       |       |    30 |    77 |    57 ||   164
       Mephitic Cloud    |       |       |     3 |    30 |    17 ||    50
       Magic Dart        |       |       |       |    82 |    47 ||   129
       Venom Bolt        |       |       |       |       |    16 ||    16
Invok: Slouch            |       |       |       |     2 |     2 ||     4
 Abil: Spit Poison       |     3 |     4 |       |       |     1 ||     8
Evoke: Wand              |       |       |       |       |     3 ||     3
  Use: Scroll            |       |     9 |    10 |     8 |     6 ||    33
       Potion            |       |     2 |     3 |     9 |     2 ||    16
 Stab: Sleeping          |       |       |     2 |     6 |       ||     8
       Confused          |       |       |       |     6 |    12 ||    18
  Eat: Chunk             |     2 |     9 |    17 |    12 |     1 ||    41
       Meat ration       |       |       |     1 |     2 |     2 ||     5
       Beef jerky        |       |       |       |     2 |       ||     2
       Fruit             |       |       |       |     7 |       ||     7
Armor: Robe              |     7 |    26 |   337 |   235 |   120 ||   725
       Scale mail        |       |       |       |    53 |       ||    53
       Chain mail        |       |       |       |   182 |   124 ||   306
Dodge: Dodged            |    10 |    38 |   333 |   511 |   295 ||  1187
Block: Other             |       |    10 |       |       |       ||    10
       Reflection        |       |     1 |       |       |       ||     1
       Rpst.: Falchion   |       |       |       |     5 |     8 ||    13
